 Dungeon Crawl Stone Soup version 0.30-a0-639-g3916f1956a (webtiles) character file.

Game seed: 8346977622511965798

541213 Pooter the Crack Shot (level 25, -1/222 (239) HPs)
             Began as a Minotaur Berserker on Jan 12, 2023.
             Was the Champion of Trog.
             Killed from afar by a revenant (8 damage)
             ... with a ghostly fireball
             ... summoned by an orange crystal statue
             ... on level 1 of a ziggurat on Jan 15, 2023.
             The game lasted 06:40:51 (79769 turns).

Pooter the Crack Shot (Minotaur Berserker)         Turns: 79769, Time: 06:40:52

HP:   -1/222 (239)  AC: 24    Str: 28      XL:     25   Next: 26%
MP:   19/31         EV: 19    Int:  5 (8)  God:    Trog [******]
Gold: 4647          SH:  0    Dex: 24      Spells: 24/24 levels left

rFire   + + +      SeeInvis +    a - +5 battleaxe (heavy)
rCold   + . .      Faith    .    (shield currently unavailable)
rNeg    + . .      Spirit   .    j - +8 plate armour
rPois   +          Reflect  .    Y - +2 hat
rElec   +          Harm     .    z - scarf {rC+ rF+}
rCorr   .          Rampage  .    g - +3 pair of gauntlets of War {Slay+5}
Will    ++...                    p - +0 pair of boots "Gabyuc" {rN+ Slay+3}
Stlth   ++                       S - amulet "Moegg" {Will+ Regen+ Slay+5}
HPRegen 1.37/turn                w - ring of Wesunuu {rElec Str+4 Dex+6 SInv}
MPRegen 0.22/turn                F - ring of Qoppuesa {*Corrode rPois rF++ MP+9 Int+2}

@: mighty, corroded, on berserk cooldown, slowed, drained, very slow
A: horns 2, retaliatory headbutt, electricity resistance, wild magic 1
}: 2/15 runes: decaying, gossamer
a: Renounce Religion, Berserk, Trog's Hand, Brothers in Arms


You were on level 1 of a ziggurat.
You worshipped Trog.
Trog was exalted by your worship.
You visited 11 branches of the dungeon, and saw 45 of its levels.
You visited 1 ziggurat, and saw 1 of its levels.
You also visited: Sewer and Volcano.

You collected 7110 gold pieces.
You spent 2463 gold pieces at shops.

Inventory:

Hand Weapons
 a - a +5 heavy battleaxe (weapon)
   (Trog gifted it to you on level 1 of the Crypt)
 b - a +4 triple crossbow of draining
   (You acquired it on level 15 of the Dungeon)
 m - the +8 mithril axe "Arga" {speed, Will+}
   (You took it off a deep elf demonologist on level 3 of the Elven Halls)

   Will:      It increases your willpower.
 v - a +5 antimagic battleaxe
   (Trog gifted it to you on level 1 of the Crypt)
 M - a +5 trishula of holy wrath
   (You took it off Mennas on level 4 of the Vaults)
Missiles
 e - 20 javelins
 r - 7 curare-tipped darts
 y - 24 boomerangs
 T - 13 silver boomerangs (quivered)
Armour
 g - the +3 pair of gauntlets of War (worn) {Slay+5}
   (You bought it in a shop on level 1 of the Elven Halls)

   Slay:      It affects your accuracy & damage with ranged weapons and melee
   (+5).
 j - a +8 plate armour (worn)
   (You found it on level 1 of the Dungeon)
 p - the +0 pair of boots "Gabyuc" (worn) {rN+ Slay+3}
   (You found it on level 1 of the Vaults)

   Slay:      It affects your accuracy & damage with ranged weapons and melee
   (+3).
   rN:        It protects you from negative energy.
 z - a scarf of resistance (worn)
   (You found it on level 4 of the Spider Nest)
 Y - a +2 hat (worn)
   (You took it off Gastronok on level 2 of the Lair of Beasts)
Jewellery
 n - a +5 ring of evasion
   (You found it on level 5 of the Dungeon)
 w - the ring of Wesunuu (left hand) {rElec Str+4 Dex+6 SInv}
   (You took it off a deep elf annihilator on level 3 of the Elven Halls)

   [ring of dexterity]

   Str:       It affects your strength (+4).
   Dex:       It affects your dexterity (+6).
   rElec:     It insulates you from electricity.
   SInv:      It lets you see invisible.
 x - the ring of the Destroying Madman {Fly rPois Int+5}
   (You found it on level 3 of the Depths)

   [ring of flight]

   Int:       It affects your intelligence (+5).
   rPois:     It protects you from poison.
   Fly:       It grants you flight.
 C - the ring "Jekhlepp" {*Slow rPois rCorr Stlth+}
   (You bought it in a shop on level 2 of the Orcish Mines)

   [ring of resist corrosion]

   rPois:     It protects you from poison.
   rCorr:     It protects you from acid and corrosion.
   *Slow:     It may slow you when you take damage.
   Stlth:     It makes you more stealthy.
 F - the ring of Qoppuesa (right hand) {*Corrode rPois rF++ MP+9 Int+2}
   (You took it off a deep elf demonologist on level 3 of the Elven Halls)

   [ring of magical power]

   Int:       It affects your intelligence (+2).
   rF:        It greatly protects you from fire.
   rPois:     It protects you from poison.
   MP:        It affects your magic capacity (+9).
   *Corrode:  It may corrode you when you take damage.
 I - a ring of protection from cold
   (You found it on level 10 of the Dungeon)
 J - the ring "Liacheus" {Will- rCorr EV+5 Str+2}
   (You took it off a necromancer on level 2 of the Depths)

   [ring of evasion]

   EV:        It affects your evasion (+5).
   Str:       It affects your strength (+2).
   rCorr:     It protects you from acid and corrosion.
   Will:      It decreases your willpower.
 N - a ring of positive energy
   (You found it on level 7 of the Dungeon)
 S - an amulet "Moegg" (around neck) {Will+ Regen+ Slay+5}
   (You took it off a deep elf death mage on level 3 of the Elven Halls)

   [amulet of regeneration]

   Slay:      It affects your accuracy & damage with ranged weapons and melee
   (+5).
   Regen:     It increases your rate of health regeneration.
   Will:      It increases your willpower.
Wands
 d - a wand of iceblast (23)
   (You found it on level 4 of the Dungeon)
 f - a wand of flame (92)
   (You bought it in a shop on level 2 of the Dungeon)
 s - a wand of charming (42)
   (You took it off Psyche on level 11 of the Dungeon)
 D - a wand of digging (20)
   (You found it on level 8 of the Dungeon)
 E - a wand of mindburst (38)
   (You found it on level 3 of the Lair of Beasts)
 L - a wand of light (23)
   (You took it off Natasha on level 4 of the Dungeon)
 W - a wand of polymorph (12)
   (You found it on level 9 of the Dungeon)
Scrolls
 c - 9 scrolls of fear
 i - 3 scrolls of poison
 t - 18 scrolls of teleportation {@r4}
 u - 3 scrolls of magic mapping
 H - 6 scrolls of blinking
 K - 6 scrolls of immolation {!r}
 V - 7 scrolls of fog
 X - 3 scrolls of butterflies
Potions
 h - a potion of cancellation
 k - 6 potions of mutation {!q}
 l - 6 potions of attraction {!q}
 q - 19 potions of heal wounds {@q2}
 A - 4 potions of invisibility
 B - 27 potions of curing {@q1}
 P - 16 potions of haste {@q3}
 R - 4 potions of might
 U - 6 potions of resistance
 Z - 13 potions of flight
Miscellaneous
 o - a box of beasts
   (You found it on level 3 of the Elven Halls)
 G - a condenser vane
   (You found it on level 3 of the Elven Halls)
 O - the horn of Geryon
   (You took it off Geryon in the Vestibule of Hell)
 Q - a tin of tremorstones (2/2)
   (You found it on level 3 of the Elven Halls)


   Skills:
 + Level 22.3 Fighting
 - Level 19.6(20.0) Axes
 - Level 6.5(14.3) Maces & Flails
 - Level 25.7 Ranged Weapons
 + Level 6.6 Throwing
 - Level 21.0 Armour
 + Level 15.3 Dodging
 + Level 13.1 Stealth
 + Level 12.2 Evocations


You had 24 spell levels left.
You didn't know any spells.
Your spell library was empty.

Dungeon Overview and Level Annotations

Branches:
Dungeon (15/15)            Temple (0/1) D:6            Lair (5/5) D:11
  Swamp (4/4) Lair:3       Spider (4/4) Lair:3        Slime (0/5) Lair:4
    Orc (2/2) D:12            Elf (3/3) Orc:2        Vaults (4/5) D:13
  Crypt (3/3) Vaults:2       Tomb (1/3) Crypt:3      Depths (3/4) D:15
   Hell (visited)             Dis (0/7) Hell            Geh (0/7) Hell
    Coc (0/7) Hell            Tar (0/7) Hell          Sewer (visited)
Volcano (visited)

Altars:
Cheibriados
Elyvilon
Gozag
Kikubaaqudgha
Yredelemnul
Lugonu

Shops:
D:2 ([*!   D:10 [   Orc:2 =*(!   Elf:1 [   Vaults:3 (=

Portals:
Hell: Depths:1 Depths:2 Depths:3
Abyss: Depths:1 Depths:3
Pandemonium: Depths:2 Depths:3

Annotations:
D:12 6 transporters
Elf:2 3 runed translucent doors
Zig:1 exclusions: obsidian statue and orange crystal statue


Innate Abilities, Weirdness & Mutations

You have a pair of horns on your head.
You reflexively headbutt those who attack you in melee.
You are resistant to electric shocks. (rElec)
Your spells are a little harder to cast, but a little more powerful.


Message History

* * * LOW HITPOINT WARNING * * *
The jiangshi draws strength from your injuries!
The jiangshi claws you but does no damage.
The vampire mage casts a spell.
The vampire mage flickers and vanishes for a moment.
The revenant hits you!
* * * LOW HITPOINT WARNING * * *
Blink to where?
As you read the scroll of blinking, it crumbles to dust.
The jiangshi completely misses you. The jiangshi closely misses you.
The jiangshi misses you. You furiously retaliate!
You headbutt the jiangshi!
The jiangshi claws you but does no damage.
The jiangshi misses you. You furiously retaliate!
You headbutt the jiangshi!! The jiangshi claws you.
* * * LOW HITPOINT WARNING * * *
The jiangshi claws you.
* * * LOW HITPOINT WARNING * * *
The jiangshi draws strength from your injuries!
The jiangshi claws you!
* * * LOW HITPOINT WARNING * * *
The jiangshi draws strength from your injuries!
You slice the orange crystal statue!!
You headbutt the orange crystal statue!!
You hit the jiangshi. x2; You completely miss the jiangshi.
The jiangshi claws you but does no damage. x2
The jiangshi claws you.
* * * LOW HITPOINT WARNING * * *
The jiangshi draws strength from your injuries!
The jiangshi claws you!
* * * LOW HITPOINT WARNING * * *
The jiangshi draws strength from your injuries!
The jiangshi claws you but does no damage. x2
The jiangshi claws you!
* * * LOW HITPOINT WARNING * * *
The jiangshi draws strength from your injuries!
The jiangshi claws you but does no damage. x2
The jiangshi barely misses you.
The orange crystal statue glitters topaz in the dim dungeon light.
The revenant lashes out with ghostly flames.
The ghostly flame explodes!
The ghostly fireball engulfs the vampire mage.
The vampire mage completely resists.
The ghostly fireball engulfs the jiangshi.
The jiangshi completely resists.
The ghostly fireball engulfs the jiangshi.
The jiangshi completely resists.
The ghostly fireball engulfs the jiangshi.
The jiangshi completely resists.
The ghostly fireball engulfs you! You partially resist.
You feel drained.
You die...

▓▓▓▓▓▓▓▓▓
▓▓.8.V@8V▓▓
▓▓.....VV.∩▓▓
▓.∩...Vz○☼>!▓
▓▓.....☼Z.∩▓▓
▓▓.....☼○▓▓
▓▓▓▓▓▓▓▓▓


You could see a revenant (summoned), an orange crystal statue, an obsidian
statue, 4 jiangshi, a vampire mage (summoned, invisible) and a spectral snapping
turtle (summoned).

Vanquished Creatures
  An ancient lich (Crypt:3)
  Mara (Vaults:4)
  Mennas (Vaults:4)
  A juggernaut (Depths:2)
  Sojobo (Depths:2)
  Bai Suzhen (Elf:3)
  Margery (Vaults:4)
  2 caustic shrikes (Depths:2)
  Xtahua (Crypt:2)
  Geryon (Hell)
  Nikola (Swamp:1)
  2 golden dragons (Depths:3)
  A spectral shard shrike (Crypt:3)
  4 tentacled monstrosities
  A lich (Depths:2)
  Asterion (Elf:3)
  2 walking divine tomes (Depths:2)
  2 titans
  The ghost of brightshaft the Warrior, an adept MiBe of Trog (Swamp:3)
  2 deep elf master archers (Elf:3)
  2 deep elf blademasters (Elf:3)
  4 quicksilver dragons
  7 sphinxes
  Frances (D:13)
  2 ancient champions
  4 thorn hunters
  Gastronok (Lair:2)
  Roxanne (Elf:1)
  4 revenants (Crypt:3)
  8 tengu reavers
  2 shadow dragons
  A fenstrider witch (Swamp:2)
  14 frost giants
  7 vault wardens
  2 balrugs (Hell)
  3 iron dragons
  3 ghost moths
  5 emperor scorpions
  6 deep elf sorcerers
  4 juggernaut zombies
  5 fire giants
  An orc warlord (Vaults:2)
  A spectral caustic shrike (Crypt:3)
  3 spriggan defenders
  A spectral juggernaut (Crypt:3)
  7 ghouls
  3 deep elf elementalists (Elf:3)
  13 ironbound preservers
  4 reapers (Hell)
  A curse skull (Crypt:3)
  6 war gargoyles
  2 broodmothers
  13 very ugly things
  9 ironbound thunderhulks
  10 stone giants
  9 vampire knights
  2 putrid mouths
  4 deep elf demonologists (Elf:3)
  9 deep elf annihilators
  A lorocyproca (Depths:3)
  5 eleionomae
  8 bunyips
  5 dire elephants
  Snorg (D:12)
  9 spark wasps
  2 blizzard demons (Hell)
  7 deep elf death magi
  10 eidola
  4 fire dragons
  A green death (Hell)
  2 great orbs of eyes
  4 spectral quicksilver dragons (Crypt:3)
  6 entropy weavers
  2 elf zombies
  2 crystal guardians (Vaults:2)
  8 jiangshi
  8 ettins
  4 yaktaur captains
  3 deep elf high priests
  5 mummy priests
  Josephine (Orc:1)
  16 vault guards
  15 hydras
  A fenstrider witch zombie (Crypt:1)
  A spriggan zombie (Crypt:2)
  Fannar (Lair:3)
  8 spriggan air magi
  9 ice dragons
  A rakshasa (Depths:1)
  A juggernaut simulacrum (Hell)
  8 ghost crabs
  4 peacekeepers
  The ghost of lotum the Earth Mage, a journeyman GrEE of Dithmenos (Lair:1)
  A jorogumo (Spider:3)
  26 centaur warriors
  8 boulder beetles
  A catoblepas (Lair:5)
  9 ironbound frosthearts
  4 death knights
  2 radroaches (Spider:3)
  13 dancing weapons
  The ghost of acebull12 the Protected, a novice HOMo of Okawaru (D:10)
  5 death yaks (Lair:5)
  6 death scarabs (Tomb:1)
  7 alligators
  4 two-headed ogres
  5 tengu warriors
  5 deep troll earth magi
  3 spriggan berserkers
  2 spectral dire elephants (Crypt:3)
  3 vampire magi
  3 deep troll shamans (Depths:2)
  5 soul eaters
  2 spectral storm dragons (Crypt:3)
  Sonja (D:12)
  8 sun demons
  A titan zombie (Crypt:1)
  3 orc high priests (Orc:2)
  21 deep elf knights
  17 hell knights
  Amaemon (Lair:3)
  2 titan skeletons
  6 shadow wraiths
  A sixfirhy (Depths:3)
  5 iron trolls
  30 skeletal warriors
  An iron troll (shapeshifter) (Depths:2)
  3 goliath frogs
  7 pharaoh ants
  5 orb spiders
  An anaconda zombie (Hell)
  2 bunyip zombies
  A deep troll (shapeshifter) (Depths:2)
  10 flayed ghosts
  3 shadow demons (Hell)
  37 deep trolls
  11 spriggan druids
  2 spectral hydras
  A ghost moth zombie (Crypt:2)
  7 bog bodies
  15 ironbound convokers
  2 sun moths (Spider:4)
  2 glowing orange brains
  9 swamp dragons (Swamp:4)
  An orange crystal statue (Zig:1)
  3 anaconda skeletons
  5 lindwurms
  2 tengu zombies
  15 necromancers
  13 wizards
  18 deep elf archers
  A bunyip skeleton (Crypt:1)
  35 deep elf pyromancers
  4 steelbarb worms
  3 harpies (Vaults:1)
  8 spectral spriggans
  15 orc knights
  14 phantasmal warriors
  23 deep elf zephyrmancers
  55 ugly things
  14 wolf spiders
  2 cyclopes (D:15)
  A spectral alligator snapping turtle (Crypt:3)
  2 will-o-the-wisps
  7 orc sorcerers
  An iron dragon skeleton (Crypt:1)
  A naga zombie (Crypt:2)
  A shining eye (shapeshifter) (Vaults:3)
  4 rust devils
  3 moths of wrath
  21 elephants
  A spectral merfolk (Crypt:3)
  5 manticores
  2 spectral centaurs (Crypt:3)
  A stone giant skeleton (Vaults:1)
  6 black mambas
  4 apocalypse crabs (Swamp:2)
  A guardian serpent (shapeshifter) (D:14)
  4 molten gargoyles
  19 vault sentinels
  6 torpor snails
  3 ice statues
  5 gargoyles (Volcano)
  5 demonic crawlers
  13 cane toads
  9 smoke demons
  2 orange demons
  A cane toad (shapeshifter) (D:14)
  A dire elephant skeleton (Crypt:1)
  An alligator snapping turtle zombie (Crypt:1)
  A pale draconian zombie (Crypt:3)
  A sea snake zombie (Hell)
  5 rime drakes
  Psyche (D:11)
  16 yaktaurs
  19 freezing wraiths
  2 tengu conjurers
  A spectral naga (Crypt:3)
  An alligator snapping turtle skeleton (Crypt:2)
  An efreet (D:15)
  7 guardian mummies
  13 komodo dragons
  2 spectral death drakes (Swamp:3)
  A sea snake skeleton (Hell)
  2 spectral harpies (Crypt:3)
  2 hydra zombies
  An anaconda simulacrum (Crypt:2)
  A harpy zombie (Crypt:1)
  An ice devil (Depths:3)
  A red devil (Depths:3)
  3 trolls
  A merfolk (shapeshifter) (D:10)
  A hellwing (Depths:3)
  6 meliai
  7 harpy skeletons
  A hornet (shapeshifter) (D:10)
  3 polar bears
  12 hornets
  A tyrant leech (shapeshifter) (Depths:1)
  13 tyrant leeches
  A moth of wrath zombie (Crypt:1)
  27 tarantellas
  17 blink frogs
  2 hydra skeletons (Hell)
  An alligator zombie (Hell)
  9 dream sheep
  A guardian serpent zombie (Crypt:3)
  22 jumping spiders
  An ice dragon skeleton (Crypt:2)
  2 shadows (D:12)
  2 spectral black mambas (Crypt:3)
  13 wraiths
  41 slime creatures
  9 spriggans
  5 wyverns
  9 flying skulls
  3 alligator skeletons
  22 culicivoras
  An ettin skeleton (Crypt:1)
  A naga simulacrum (Hell)
  A fire elemental (Elf:1)
  13 water elementals
  2 neqoxecs (D:10)
  A black mamba skeleton (Crypt:1)
  39 yaks
  2 chaos spawn (Depths:3)
  A hog (shapeshifter) (D:10)
  7 spriggan simulacra
  6 humans
  7 basilisks
  54 redbacks
  2 steam dragons
  3 wargs (Orc:1)
  Menkaure (D:4)
  A harpy simulacrum (Crypt:3)
  7 vampire mosquitoes
  A deep troll zombie (Crypt:2)
  A fire bat zombie (Crypt:2)
  An acid dragon (D:12)
  15 swamp worms
  Edmund (D:4)
  13 hell hounds
  A death drake simulacrum (Swamp:3)
  18 water moccasins
  A sky beast (D:7)
  3 floating eyes
  8 swamp drakes
  20 orc warriors
  A spectral torpor snail (Lair:3)
  2 ice beasts
  4 black bears
  A hornet zombie (Crypt:3)
  2 spectral blink frogs (Lair:3)
  An ice dragon simulacrum (Crypt:1)
  A manticore zombie (Crypt:1)
  3 ogres
  7 boggarts
  21 centaurs
  11 wolves
  An elephant skeleton (Crypt:3)
  3 phantoms
  2 draconian zombies (Crypt:2)
  6 kobold brigands
  15 bullfrogs
  A spectral wyvern (Lair:3)
  A bullfrog (shapeshifter) (D:13)
  10 necrophages
  3 gnoll sergeants
  4 scorpions
  3 earth elementals
  A komodo dragon skeleton (Crypt:1)
  4 wights (D:6)
  A yak zombie (Crypt:1)
  A troll zombie (D:12)
  2 troll skeletons (Volcano)
  2 spriggan skeletons
  4 howler monkeys
  4 electric eels
  3 lava snakes (Lair:5)
  5 jellies
  Crazy Yiuf (D:3)
  5 hounds
  14 orc priests
  An iguana (D:6)
  Natasha (thrice) (D:4)
  21 orc wizards
  4 naga skeletons
  7 ogre zombies (D:12)
  An acid dragon skeleton (Crypt:2)
  A hound skeleton (Crypt:2)
  4 mummies (Tomb:1)
  17 adders
  16 gnolls
  2 shadow imps (D:6)
  A white imp (D:6)
  An ufetubus (D:7)
  3 dart slugs
  49 orcs
  10 endoplasms
  9 giant cockroaches
  8 hobgoblins
  3 jackals (D:2)
  11 quokkas
  9 ball pythons
  4 bats
  9 frilled lizards
  11 goblins
  3 goblin zombies (D:12)
  3 hobgoblin zombies (D:12)
  22 kobolds
  A kobold skeleton (Crypt:3)
  4 orc skeletons (D:12)
  14 orc zombies (D:12)
  4 rats (D:2)
2019 creatures vanquished.

Vanquished Creatures (collateral kills)
  2 centaurs (D:11)
  2 gnolls (D:7)
  2 orcs (D:11)
  A quokka (D:4)
  An orc zombie (D:12)
8 creatures vanquished.

Vanquished Creatures (others)
  A deep elf sorcerer (Elf:1)
  A spriggan druid (Swamp:2)
  A water elemental (Elf:1)
  A wraith (Orc:1)
  A centaur (D:11)
  3 orcs
  4 foxfires (Swamp:2)
  31 fungi
  47 plants
90 creatures vanquished.

Grand Total: 2117 creatures vanquished

Notes
Turn   | Place    | Note
-------+----------+-------------------------------------------
     0 | D:1      | Pooter the Minotaur Berserker began the quest for the Orb.
     0 | D:1      | Reached XP level 1. HP: 19/19 MP: 0/0
   270 | D:1      | Reached XP level 2. HP: 27/27 MP: 1/1
   809 | D:2      | Found Pamufiem's General Store.
   815 | D:2      | Bought a wand of flame (8) for 61 gold pieces
   819 | D:2      | Found an opulent altar of Gozag.
   825 | D:2      | Found Vunkufih's Antique Armour Emporium.
   885 | D:2      | Found Motim's Antique Weapon Shoppe.
   911 | D:2      | Reached XP level 3. HP: 22/33 MP: 2/2
  1222 | D:2      | Found Plog's Distillery.
  1234 | D:2      | Reached skill level 5 in Axes
  1242 | D:2      | Bought a potion of curing for 36 gold pieces
  1255 | D:2      | Reached ** piety under Trog
  1367 | D:2      | Reached XP level 4. HP: 38/41 MP: 3/3
  1850 | D:3      | Noticed a scorpion
  1924 | D:3      | Reached XP level 5. HP: 47/47 MP: 4/4
  2063 | D:3      | Identified the +5 hammer of Action {drain, Dex+3}
  2309 | D:3      | Reached skill level 5 in Fighting
  2309 | D:3      | Reached skill level 1 in Maces & Flails
  2395 | D:2      | Bought a war axe for 80 gold pieces
  2428 | D:3      | Identified the +5 rapier of Pride {elec, rPois}
  2673 | D:3      | Found a runed translucent door.
  2674 | D:3      | Noticed Crazy Yiuf
  2690 | D:4      | Noticed Menkaure
  2697 | D:4      | Reached XP level 6. HP: 56/56 MP: 5/5
  2701 | D:4      | Killed Menkaure
  2829 | D:2      | Bought a scroll of noise for 11 gold pieces
  2884 | D:2      | Bought a potion of degeneration for 12 gold pieces
  2934 | D:4      | Noticed Natasha
  2945 | D:4      | Killed Natasha
  2948 | D:4      | Reached XP level 7. HP: 61/61 MP: 6/6
  3056 | D:4      | Noticed Edmund
  3065 | D:4      | Killed Edmund
  3066 | D:4      | Reached skill level 1 in Ranged Weapons
  3132 | D:4      | Noticed Natasha
  3138 | D:4      | Killed Natasha
  3139 | D:4      | Reached skill level 5 in Armour
  3198 | D:2      | Bought a potion of might for 48 gold pieces
  3425 | D:4      | Identified a scroll of acquirement
  3426 | D:4      | Acquired 686 gold pieces
  3495 | D:2      | Bought a potion of curing for 36 gold pieces
  3495 | D:2      | Bought a potion of heal wounds for 60 gold pieces
  3495 | D:2      | Bought a potion of cancellation for 96 gold pieces
  3546 | D:5      | Entered Level 5 of the Dungeon
  3576 | D:5      | Reached skill level 2 in Ranged Weapons
  3682 | D:5      | You fall into a shaft and drop 2 floors!
  3698 | D:7      | Reached XP level 8. HP: 68/70 MP: 7/7
  4017 | D:7      | Reached skill level 3 in Ranged Weapons
  4145 | D:5      | Found a glowing drain.
  4164 | Sewer    | Entered a sewer
  4792 | D:4      | Noticed Natasha
  4798 | D:4      | Killed Natasha
  4799 | D:4      | Reached skill level 4 in Ranged Weapons
  5469 | D:5      | Reached skill level 5 in Maces & Flails
  5469 | D:5      | Reached skill level 1 in Evocations
  5511 | D:5      | Reached skill level 5 in Ranged Weapons
  5511 | D:5      | Reached XP level 9. HP: 72/79 MP: 6/8
  5817 | D:6      | Found an ancient bone altar of Kikubaaqudgha.
  5978 | D:6      | Reached *** piety under Trog
  5985 | D:6      | Reached skill level 6 in Ranged Weapons
  6062 | D:6      | Found a staircase to the Ecumenical Temple.
  6745 | D:7      | Reached skill level 10 in Axes
  6746 | D:7      | Reached skill level 7 in Ranged Weapons
  6838 | D:7      | Noticed a komodo dragon
  6846 | D:7      | Killed a komodo dragon
  6847 | D:7      | Reached XP level 10. HP: 88/88 MP: 9/9
  7398 | D:7      | Gained mutation: A frigid envelope surrounds you and
                  | freezes all who hurt you. [potion of mutation]
  7398 | D:7      | Gained mutation: You are robust. (+10% HP) [potion of
                  | mutation]
  7398 | D:7      | Gained mutation: You possess an exceptional clarity of
                  | mind. [potion of mutation]
  7398 | D:7      | Gained mutation: Your mind is acute. (Int +4, Str/Dex -1)
                  | [potion of mutation]
  7743 | D:8      | Reached skill level 8 in Ranged Weapons
  8058 | D:8      | Reached **** piety under Trog
  8891 | D:10     | Entered Level 10 of the Dungeon
  9216 | D:10     | Found a runed translucent gate.
  9216 | D:10     | Found a runed translucent gate.
  9216 | D:10     | Found a runed translucent gate.
  9216 | D:10     | Noticed a purple ugly thing
  9216 | D:10     | Noticed a green ugly thing
  9216 | D:10     | Noticed a glowing orange brain
  9216 | D:10     | Noticed a green ugly thing
  9216 | D:10     | Noticed a white ugly thing
  9218 | D:10     | Noticed a white ugly thing
  9346 | D:10     | Reached skill level 9 in Ranged Weapons
  9388 | D:10     | Found Gufuseck's Armour Emporium.
  9759 | D:11     | Noticed a centaur warrior
  9766 | D:11     | Noticed a two-headed ogre
  9769 | D:11     | Killed a centaur warrior
  9770 | D:11     | Reached XP level 11. HP: 106/106 MP: 10/10
  9776 | D:11     | Killed a two-headed ogre
  9851 | D:11     | Found a staircase to the Lair.
  9954 | D:11     | Noticed Psyche
 10102 | D:11     | Killed Psyche
 10103 | D:11     | Reached skill level 5 in Evocations
 10485 | D:11     | Noticed a two-headed ogre
 10492 | D:11     | Killed a two-headed ogre
 10493 | D:11     | Reached skill level 10 in Ranged Weapons
 10665 | D:11     | Identified the +2 robe of Duck's Teeth {*Slow Will++
                  | Regen+}
 10791 | Lair:1   | Entered Level 1 of the Lair of Beasts
 10855 | Lair:1   | Reached skill level 10 in Fighting
 10935 | Lair:1   | Reached skill level 11 in Ranged Weapons
 11030 | Lair:1   | Found a runed translucent gate.
 11032 | Lair:1   | Found a runed translucent gate.
 11034 | Lair:1   | Noticed lotum's ghost (journeyman GrEE)
 11146 | Lair:1   | Found a dark tunnel.
 11153 | Volcano  | Entered a volcano
 11202 | Volcano  | Reached XP level 12. HP: 113/117 MP: 11/11
 11233 | Volcano  | Reached ***** piety under Trog
 11841 | Volcano  | Reached skill level 12 in Ranged Weapons
 11894 | Volcano  | Identified the +1 pair of gloves "Weusueck" {Dex+3}
 12377 | Lair:1   | Found a runed translucent gate.
 12947 | Lair:2   | Noticed Gastronok
 12958 | Lair:2   | Killed Gastronok
 12959 | Lair:2   | Reached skill level 15 in Axes
 13392 | Lair:2   | Upgraded the game from 0.30-a0-629-gd54f4be4f7 to
                  | 0.30-a0-632-g346586fe48
 13521 | Lair:2   | Received a gift from Trog
 13612 | Lair:2   | Reached XP level 13. HP: 106/127 MP: 10/12
 13870 | Lair:3   | Reached skill level 13 in Ranged Weapons
 13927 | Lair:3   | Noticed Fannar
 13940 | Lair:3   | Killed Fannar
 14142 | Lair:3   | Found a hole to the Spider Nest.
 14176 | Lair:3   | Noticed Amaemon
 14189 | Lair:3   | Killed Amaemon
 15112 | Lair:3   | Found a staircase to the Swamp.
 15493 | Lair:4   | Found a staircase to the Slime Pits.
 15577 | Lair:4   | Acquired a +2 executioner's axe of flaming
 15859 | Lair:4   | Found a snail-covered altar of Cheibriados.
 16014 | Lair:4   | Reached skill level 14 in Ranged Weapons
 16109 | Lair:5   | Entered Level 5 of the Lair of Beasts
 16382 | Lair:5   | Reached XP level 14. HP: 115/139 MP: 11/13
 16722 | Lair:5   | Received a gift from Trog
 17050 | Lair:5   | Found a large runed translucent door.
 17050 | Lair:5   | Found a large runed translucent door.
 17057 | Lair:5   | Reached skill level 15 in Ranged Weapons
 18460 | D:12     | Found a transporter.
 18462 | D:12     | Found a transporter.
 18498 | D:12     | Found a transporter.
 18503 | D:12     | Found a transporter.
 18561 | D:12     | Noticed Snorg
 18572 | D:12     | Killed Snorg
 18640 | D:12     | Found a staircase to the Orcish Mines.
 18671 | D:12     | Received a gift from Trog
 18801 | Orc:1    | Entered Level 1 of the Orcish Mines
 18859 | Orc:1    | Noticed Josephine
 18868 | Orc:1    | Killed Josephine
 19076 | Orc:2    | Entered Level 2 of the Orcish Mines
 20157 | Orc:2    | Found Mofacett's Distillery.
 20269 | Orc:1    | Paralysed by an orc sorcerer for 2 turns
 22316 | Orc:2    | Found a staircase to the Elven Halls.
 22893 | Orc:2    | Reached skill level 16 in Ranged Weapons
 23107 | Orc:2    | Found Henidotz's Antique Weapon Shop.
 23111 | Orc:2    | Bought a potion of heal wounds for 65 gold pieces
 23111 | Orc:2    | Bought a potion of curing for 39 gold pieces
 23111 | Orc:2    | Bought a potion of heal wounds for 65 gold pieces
 23114 | Orc:2    | Found Usyw's General Store.
 23116 | Orc:2    | Found Queri's Jewellery Shoppe.
 23122 | Orc:2    | Bought a potion of heal wounds for 60 gold pieces
 23122 | Orc:2    | Bought a scroll of enchant weapon for 90 gold pieces
 23122 | Orc:2    | Bought a wand of mindburst (8) for 134 gold pieces
 23318 | D:12     | Found a transporter.
 23322 | D:12     | Found a transporter.
 23461 | D:12     | Noticed Sonja
 23470 | D:12     | Your ally Sonja died
 23471 | D:12     | Reached XP level 15. HP: 149/149 MP: 14/14
 23760 | D:13     | Found a gate to the Vaults.
 23806 | D:13     | Noticed Maurice
 23816 | D:13     | Maurice changed into Maurice the hound
 23816 | D:13     | Noticed Maurice
 23818 | D:13     | Killed Maurice the hound
 25095 | D:13     | Noticed Frances
 25104 | D:13     | Killed Frances
 25320 | D:13     | Reached skill level 10 in Armour
 25799 | D:14     | Received a gift from Trog
 26393 | D:15     | Entered Level 15 of the Dungeon
 26618 | D:15     | Reached skill level 17 in Ranged Weapons
 26982 | D:15     | Acquired a +2 triple crossbow of draining
 27281 | D:15     | Found a staircase to the Depths.
 27321 | D:15     | Identified the +4 chain mail of Enuiseha {Harm Drain rPois
                  | Str+4}
 27665 | D:10     | Reached skill level 1 in Throwing
 27924 | D:10     | Found a runed translucent gate.
 27924 | D:10     | Found a runed translucent gate.
 27930 | D:10     | Noticed acebull12's ghost (novice HOMo)
 27931 | D:10     | Found a runed translucent gate.
 27940 | D:10     | Lost mutation: You are robust. (+10% HP) [a neqoxec]
 27942 | D:10     | Gained mutation: You are clumsy. (Dex -2) [a neqoxec]
 27945 | D:10     | Killed acebull12's ghost
 27976 | D:10     | Lost mutation: Your mind is acute. (Int +4, Str/Dex -1)
                  | [mutagenic glow]
 27987 | D:10     | Gained mutation: You have hidden genetic defects.
                  | [mutagenic glow]
 27997 | D:10     | Gained mutation: Your body sometimes deteriorates upon
                  | taking damage. [mutagenic glow]
 28014 | D:10     | Gained mutation: You have terrible hidden genetic defects.
                  | [mutagenic glow]
 28085 | D:10     | Lost mutation: A frigid envelope surrounds you and freezes
                  | all who hurt you. [potion of mutation]
 28085 | D:10     | Lost mutation: You are clumsy. (Dex -2) [potion of
                  | mutation]
 28085 | D:10     | Lost mutation: You possess an exceptional clarity of mind.
                  | [potion of mutation]
 28085 | D:10     | Gained mutation: You expend magic power (3 MP) to
                  | strengthen your wands. [potion of mutation]
 28085 | D:10     | Gained mutation: You have a pair of large horns on your
                  | head. [potion of mutation]
 28085 | D:10     | Lost mutation: You have a pair of large horns on your head.
                  | [potion of mutation]
 28086 | D:10     | Lost mutation: You expend magic power (3 MP) to strengthen
                  | your wands. [potion of mutation]
 28086 | D:10     | Lost mutation: You have terrible hidden genetic defects.
                  | [potion of mutation]
 28086 | D:10     | Gained mutation: Your body often deteriorates upon taking
                  | damage. [potion of mutation]
 28086 | D:10     | Gained mutation: Your flesh is heat resistant. (rF+)
                  | [potion of mutation]
 28087 | D:10     | Lost mutation: You have hidden genetic defects. [potion of
                  | mutation]
 28087 | D:10     | Lost mutation: Your flesh is heat resistant. (rF+) [potion
                  | of mutation]
 28087 | D:10     | Lost mutation: Your body often deteriorates upon taking
                  | damage. [potion of mutation]
 28087 | D:10     | Gained mutation: You are partially covered in iridescent
                  | scales. (AC +2) [potion of mutation]
 28088 | D:10     | Lost mutation: You are partially covered in iridescent
                  | scales. (AC +2) [potion of mutation]
 28088 | D:10     | Lost mutation: Your body sometimes deteriorates upon taking
                  | damage. [potion of mutation]
 28088 | D:10     | Gained mutation: Your flesh is heat resistant. (rF+)
                  | [potion of mutation]
 28088 | D:10     | Lost mutation: Your flesh is heat resistant. (rF+) [potion
                  | of mutation]
 28088 | D:10     | Gained mutation: You expend magic power (3 MP) to
                  | strengthen your wands. [potion of mutation]
 28089 | D:10     | Lost mutation: You expend magic power (3 MP) to strengthen
                  | your wands. [potion of mutation]
 28089 | D:10     | Gained mutation: You are resistant to electric shocks.
                  | (rElec) [potion of mutation]
 28089 | D:10     | Gained mutation: Your spells are a little harder to cast,
                  | but a little more powerful. [potion of mutation]
 28174 | D:12     | Found a transporter.
 28178 | D:12     | Found a transporter.
 28198 | D:12     | Found a transporter.
 28212 | D:12     | Found a transporter.
 28213 | D:12     | Found a transporter.
 28271 | D:12     | Found a staircase to the Orcish Mines.
 28578 | D:12     | Found a transporter.
 28882 | Lair:1   | Killed lotum's ghost
 29155 | Orc:2    | Bought the ring "Jekhlepp" {*Slow rPois rCorr Stlth+} for
                  | 369 gold pieces
 29398 | Swamp:1  | Entered Level 1 of the Swamp
 29546 | Swamp:1  | Noticed Nikola
 29554 | Swamp:1  | Killed Nikola
 29808 | Swamp:1  | Noticed a tentacled monstrosity
 29833 | Swamp:1  | Killed a tentacled monstrosity
 29834 | Swamp:1  | Reached XP level 16. HP: 106/147 MP: 8/15
 30200 | Swamp:2  | Noticed a thorn hunter
 30210 | Swamp:2  | Killed a thorn hunter
 30717 | Swamp:2  | Found a runed translucent door.
 32078 | Swamp:2  | Reached skill level 18 in Ranged Weapons
 32078 | Swamp:2  | Paralysed by you for 2 turns
 32137 | Swamp:2  | Reached skill level 15 in Fighting
 32182 | Swamp:2  | Reached skill level 5 in Dodging
 32193 | Swamp:2  | Identified the +1 robe of Taagutem {Rampage Dex+2}
 32801 | Swamp:2  | Upgraded the game from 0.30-a0-632-g346586fe48 to
                  | 0.30-a0-634-g8abc85282e
 32958 | Swamp:3  | Noticed a thorn hunter
 32965 | Swamp:3  | Killed a thorn hunter
 32979 | Swamp:3  | Found a runed translucent gate.
 32979 | Swamp:3  | Found a runed translucent gate.
 32979 | Swamp:3  | Found a runed translucent gate.
 32979 | Swamp:3  | Noticed brightshaft's ghost (adept MiBe)
 33006 | Swamp:3  | Reached skill level 1 in Stealth
 33201 | Swamp:3  | Received a gift from Trog
 33477 | Swamp:3  | Identified the +7 dagger "Otrotuepn" {drain, Dex+5}
 33483 | Swamp:3  | Identified the +1 leather armour of Ongei {*Slow rF+ Int+4}
 33851 | Swamp:4  | Entered Level 4 of the Swamp
 35632 | Swamp:4  | Noticed a thorn hunter
 35640 | Swamp:4  | Killed a thorn hunter
 40899 | Swamp:4  | Reached XP level 17. HP: 101/158 MP: 9/16
 41253 | Swamp:4  | Got a decaying rune of Zot
 41534 | Elf:1    | Entered Level 1 of the Elven Halls
 42001 | Elf:1    | Reached skill level 19 in Ranged Weapons
 42864 | Elf:1    | Found Efovuo's Armour Shop.
 43247 | Elf:1    | Bought the +3 pair of gauntlets of War {Slay+5} for 570
                  | gold pieces
 43247 | Elf:1    | Found the +3 pair of gauntlets of War {Slay+5}
 43400 | Elf:1    | HP: 7/158 [deep elf knight/+0 long sword (13)]
 43966 | Elf:1    | Noticed Roxanne
 43979 | Elf:1    | Killed Roxanne
 44464 | Elf:1    | Identified the +7 spear of the Tooth {heavy, +Blink rN+}
 44639 | Elf:1    | Found a corrupted altar of Lugonu.
 45350 | Elf:2    | Identified the +1 leather armour of Fortification {Str+2}
 45685 | Elf:2    | Reached skill level 5 in Stealth
 46146 | Elf:2    | Reached XP level 18. HP: 152/168 MP: 14/17
 46154 | Elf:2    | Reached skill level 20 in Ranged Weapons
 46293 | Elf:3    | Entered Level 3 of the Elven Halls
 46607 | Elf:3    | Noticed Bai Suzhen
 46645 | Elf:2    | Received a gift from Trog
 46732 | Elf:2    | Found a runed translucent gate.
 46732 | Elf:2    | Found a runed translucent gate.
 46735 | Elf:2    | Found a runed translucent gate.
 46764 | Elf:3    | Killed Bai Suzhen
 47134 | Elf:3    | Found an ancient bone altar of Kikubaaqudgha.
 48657 | Elf:3    | Noticed Asterion
 48671 | Elf:3    | Killed Asterion
 49666 | Elf:3    | Identified the +9 battleaxe "Guimalent" {flame, Int+3
                  | Stlth+}
 49884 | Elf:3    | Identified the +3 war axe "Demonbane" {drain, Str+4}
 49884 | Elf:3    | Identified the ring of Wesunuu {rElec Str+4 Dex+6 SInv}
 50288 | Elf:3    | Identified the ring of Qoppuesa {*Corrode rPois rF++ MP+9
                  | Int+2}
 51321 | Elf:3    | Identified an amulet "Moegg" {Will+ Regen+ Slay+5}
 51359 | Elf:3    | Identified the ring of Saxakk {Drain +Blink rF++ Int+3
                  | Dex+6}
 51843 | Spider:1 | Entered Level 1 of the Spider Nest
 52453 | D:2      | Bought a potion of mutation for 96 gold pieces
 52453 | D:2      | Bought a potion of mutation for 96 gold pieces
 52453 | D:2      | Bought a potion of mutation for 96 gold pieces
 52507 | D:2      | Bought a scroll of teleportation for 33 gold pieces
 53729 | Spider:2 | Reached skill level 21 in Ranged Weapons
 53990 | Spider:2 | Received a gift from Trog
 54000 | Spider:2 | Reached XP level 19. HP: 177/177 MP: 18/18
 54175 | Spider:2 | Identified the +5 long sword of Gozag's Generosity {heavy,
                  | rElec rPois rC+ Dex-4}
 55358 | Spider:3 | Identified the +0 robe of Toeleucs {rPois Stlth+}
 56577 | Spider:4 | Entered Level 4 of the Spider Nest
 58367 | Spider:4 | Received a gift from Trog
 58390 | Spider:4 | Reached skill level 15 in Armour
 58622 | Spider:4 | Identified the +1 pair of gloves "Yshrucuck" {Stlth+}
 58629 | Spider:4 | Got a gossamer rune of Zot
 59152 | Swamp:3  | Killed brightshaft's ghost
 59494 | D:3      | Killed Crazy Yiuf
 59691 | Vaults:1 | Entered Level 1 of the Vaults
 60218 | Vaults:1 | Identified the ring "Boselill" {Ice *Slow rN++ Str+4}
 60226 | Vaults:1 | Reached skill level 22 in Ranged Weapons
 60863 | Vaults:1 | Received a gift from Trog
 60908 | Vaults:1 | Identified the +0 pair of boots "Gabyuc" {rN+ Slay+3}
 61057 | Vaults:1 | Reached skill level 10 in Evocations
 61085 | Vaults:1 | Reached XP level 20. HP: 188/189 MP: 19/19
 61302 | Vaults:1 | Identified the +1 robe of the Blizzard {Regen+}
 61354 | Vaults:1 | Upgraded the game from 0.30-a0-634-g8abc85282e to
                  | 0.30-a0-639-g3916f1956a
 61611 | Vaults:2 | Found a staircase to the Crypt.
 61611 | Vaults:2 | Found an ancient bone altar of Kikubaaqudgha.
 61616 | Vaults:2 | Found a basalt altar of Yredelemnul.
 61623 | Crypt:1  | Entered Level 1 of the Crypt
 61924 | Crypt:1  | Received a gift from Trog
 62646 | Crypt:1  | Reached skill level 23 in Ranged Weapons
 62700 | Crypt:1  | Reached skill level 10 in Dodging
 62704 | Crypt:1  | Received a gift from Trog
 63378 | Crypt:2  | Found an ancient bone altar of Kikubaaqudgha.
 63416 | Crypt:2  | Noticed Xtahua
 63416 | Crypt:2  | Paralysed by Xtahua for 4 turns
 63425 | Crypt:2  | Killed Xtahua
 63425 | Crypt:2  | Received a gift from Trog
 63582 | Crypt:3  | Entered Level 3 of the Crypt
 63627 | Crypt:3  | Identified the +3 trident of Prudence {protect, Str+2 Int-4
                  | Stlth+}
 63781 | Crypt:3  | Noticed an ancient lich
 63785 | Crypt:3  | Killed an ancient lich
 64078 | Crypt:3  | Reached XP level 21. HP: 179/198 MP: 20/20
 64201 | Crypt:3  | Reached ****** piety under Trog
 64606 | Crypt:3  | Found a staircase to the Tomb.
 64664 | Crypt:3  | Received a gift from Trog
 65240 | Crypt:3  | Reached skill level 24 in Ranged Weapons
 65835 | Crypt:3  | Found the +10 Black Knight's barding {ponderous, rPois rN+}
 66014 | Crypt:3  | Identified the +12 arbalest "Jamnumau" {flame, +Blink
                  | Str+3}
 66112 | Tomb:1   | Entered Level 1 of the Tomb of the Ancients
 66799 | Tomb:1   | Received a gift from Trog
 67142 | Vaults:2 | Reached skill level 10 in Stealth
 69094 | Vaults:2 | Received a gift from Trog
 69127 | Vaults:2 | Reached XP level 22. HP: 198/209 MP: 21/21
 69290 | Vaults:3 | Found Jeegrab's Antique Weapon Boutique.
 69293 | Vaults:3 | Bought a shimmering battleaxe for 310 gold pieces
 69293 | Vaults:3 | Identified the +0 battleaxe of Execution {antimagic, *Slow
                  | rN+ Int+5 Stlth+} (You bought it in a shop on level 3 of
                  | the Vaults)
 69620 | Vaults:3 | Identified the +4 hand axe of Generosity {freeze, Fly rPois
                  | rF- rN++}
 69684 | Vaults:3 | Found Kuulaifiseq's Jewellery Shop.
 69804 | Vaults:3 | Received a gift from Trog
 69811 | Vaults:3 | Reached skill level 25 in Ranged Weapons
 71111 | Vaults:4 | Noticed Mennas
 71122 | Vaults:4 | Killed Mennas
 71591 | Vaults:4 | Noticed Margery
 71602 | Vaults:4 | Killed Margery
 72277 | Vaults:4 | Noticed Mara
 72284 | Vaults:4 | Noticed Pooter's illusion
 72306 | Vaults:4 | Killed Mara
 73183 | Depths:1 | Entered Level 1 of the Depths
 73192 | Depths:1 | Received a gift from Trog
 73561 | Depths:1 | Found a gateway to Hell.
 73571 | Hell     | Entered the Vestibule of Hell
 73571 | Hell     | Noticed Geryon
 73584 | Hell     | Killed Geryon
 73965 | Hell     | Received a gift from Trog
 74083 | Hell     | Found a gateway to the freezing wastes of Cocytus.
 74165 | Hell     | Reached XP level 23. HP: 121/220 MP: 22/22
 74577 | Hell     | Found a gateway to the decaying netherworld of Tartarus.
 74642 | Hell     | Found a gateway to the ashen valley of Gehenna.
 74800 | Hell     | Found a gateway to the Iron City of Dis.
 75054 | Depths:1 | Found a one-way gate to the infinite horrors of the Abyss.
 75106 | Depths:1 | Received a gift from Trog
 75177 | Depths:1 | Found a white marble altar of Elyvilon.
 75250 | Depths:1 | Paralysed by a floating eye for 4 turns
 75858 | Depths:3 | Found a transporter.
 76477 | Depths:3 | Found a one-way gate leading to the halls of Pandemonium.
 76588 | Depths:3 | Received a gift from Trog
 76758 | Depths:3 | Found a transporter.
 77043 | Depths:3 | Identified the ring of the Destroying Madman {Fly rPois
                  | Int+5}
 77051 | Depths:3 | Reached XP level 24. HP: 231/231 MP: 22/22
 77057 | Depths:3 | Identified the ring of Lies {rN++ rCorr Str-4}
 77358 | Depths:2 | Reached skill level 5 in Throwing
 79277 | Depths:2 | Identified the +8 whip of Midwinter {venom, *Noise rPois
                  | Int+7}
 79281 | Depths:2 | Reached XP level 25. HP: 234/238 MP: 22/22
 79284 | Depths:2 | Noticed a juggernaut
 79294 | Depths:2 | Killed a juggernaut
 79299 | Depths:2 | Reached skill level 15 in Dodging
 79305 | Depths:2 | Identified the +6 glaive of Fimbulwinter {flame, rPois rF-
                  | Int+10 SInv}
 79440 | Depths:2 | Received a gift from Trog
 79571 | Depths:2 | Identified the ring "Liacheus" {Will- rCorr EV+5 Str+2}
 79581 | Depths:2 | Noticed Sojobo
 79594 | Depths:2 | Killed Sojobo
 79599 | Depths:2 | Paralysed by a floating eye for 4 turns
 79716 | Depths:2 | Identified the +4 scale mail "Meir" {Harm rF+ Int+2 Dex-2}
 79741 | Depths:2 | Found a one-way gateway to a ziggurat.
 79750 | Zig:1    | Entered Level 1 of a ziggurat
 79754 | Zig:1    | Noticed an ancient lich
 79769 | Zig:1    | HP: 7/225 [jiangshi[an orange crystal statue] (14)]
 79769 | Zig:1    | Killed from afar by a revenant

Illustrated notes

Levels and vault maps discovered:
D:1:      eino_arrival_water_cross, layout_loops_ring, hangedman_glass_teeth,
          hex_medium, nrook_loot_triangle, minmay_cupped
D:2:      kennysheep_the_goblin_king, layout_loops_ring, serial_shops, shop,
          nicolae_square_shop, nicolae_shop_hallway_stairs,
          nicolae_shop_behind_doors, basic_altar, grunt_ministairs_1
D:3:      layout_rooms, interstate_on_off, grunt_decor_cap,
          uniq_crazy_yiuf_cottage
D:4:      layout_basic, serial_bayou_pond_b, uniq_menkaure, uniq_natasha,
          uniq_edmund
D:5:      layout_loops_cross, gup_sewer_entry_glass
D:6:      layout_basic, mainiacjoe_overflow_chevrons, lemuel_temple_firewalk_b,
          minmay_ruffians
D:7:      nicolae_cairo_tiling_large_dashed, layout_basic, centaur_isle
D:8:      layout_loops_ring, minmay_unpleasant_kobolds
D:9:      layout_loops_ring
D:10:     layout_loops_ring, serial_shops, nicolae_take_the_stairs,
          ploomutoo_gammafunk_ghost_potion_laboratory
D:11:     layout_cave_pods, grunt_lair_entry_orc_guard_hut,
          chequers_serial_rivers_small_b, uniq_psyche
D:12:     layout_long_grid, zombieorc2_lemuel, serial_nicolae_subway,
          nicolae_sub_station_stone, nicolae_sub_station_crystal,
          nicolae_sub_station_metal, uniq_snorg, uniq_sonja
D:13:     layout_irregular_city, erik_vaults_2, hangedman_decor_push,
          uniq_frances, uniq_maurice
D:14:     layout_rooms, serial_curves, eino_curves_02, eino_curves_02,
          eino_curves_01, eino_curves_02
D:15:     hangedman_depths_entry_civil_slaughter, layout_loops_ring,
          hangedman_decor_opposing
Lair:1:   wander_river, layout_hall_layers, nicolae_volcano_entry_hallway,
          gammafunk_ghost_split, serial_bayou_pond_b, beast_lair_carwin_11
Lair:2:   layout_chaotic_city, serial_rivers, chequers_serial_rivers_room_b,
          chequers_serial_rivers_small_a, chequers_serial_rivers_small_a,
          chequers_serial_rivers_large_b, uniq_gastronok
Lair:3:   layout_regular_city, nicolae_swamp_entry_spooky, spider_nest_entry_a,
          lemuel_fruit_tree, uniq_fannar, uniq_amaemon
Lair:4:   layout_regular_city, nicolae_slime_entry_slimehenge,
          kennysheep_snail_temple
Lair:5:   cheibrodos_lair_end_hotspot, layout_layer_cave, serial_bayou_lagoon_b
Swamp:1:  cheibrodos_swamp_monstrosity, layout_falls_marsh,
          nicolae_swamp_well_well_well, uniq_nikola
Swamp:2:  gammafunk_mikee_crab_dinner, layout_basic_swamp, nicolae_swamp_oxbows
Swamp:3:  layout_basic_swamp, gammafunk_ghost_necromancy,
          nicolae_swamp_orc_logging_accident, swamp_pool2
Swamp:4:  swamp_basic_johnstein, layout_basic_swamp
Spider:1: layout_cave_pods
Spider:2: layout_spider_delve, drop_trap, hangedman_stitches_earthworm
Spider:3: layout_cave_pods, spiders_nest_hornet_nest,
          hangedman_spider_tarantella_strand
Spider:4: spider_rune_water
Orc:1:    layout_caves, uniq_josephine
Orc:2:    st_orc_elflike, layout_diamond_mine, basic_altar
Elf:1:    eino_elf_arrival_customs, layout_gridlike, serial_shops, shop,
          hangedman_elf_represent, nicolae_elf_theology_debate, uniq_roxanne
Elf:2:    nicolae_elf_blades_splatter_lattice
          [nicolae_blade_entry_floor_patterns], layout_gridlike
Elf:3:    grunt_elf_hall_asides, layout_geoelf_diagonals, basic_altar,
          uniq_asterion, uniq_bai_suzhen
Vaults:1: grunt_vaults_bifocal, grunt_vaults_focal, vaults_dpeg_ring,
          v_pattern_5, nicolae_vaults_little_squares_5,
          vaults_room_hangedman_quadrants, hangedman_vaults_capsules,
          vaults_mumra_hex, grunt_vaults_funnel, v_misc_23,
          ontoclasm_vaults_idyll, v_misc_11,
          nicolae_vaults_windows_and_doors_thing, layout_vaults_big_cross
Vaults:2: nicolae_vaults_holding_cells, v_misc_28, v_alt_pattern_2, v_rooms_1,
          minmay_crypt_entry_necro_gods, ontoclasm_vaults_pinch,
          ontoclasm_vaults_bender, nicolae_vaults_specimen_jars,
          vaults_room_boxed, v_pattern_3, v_misc_8,
          ontoclasm_vaults_loading_screen, layout_vaults_ring
Vaults:3: dpeg_vaults_hating_casters, vaults_room_grunt_arrival_checkpoint,
          v_misc_12, v_misc_31, nicolae_vaults_little_squares_5,
          nicolae_vaults_diagonal_hallway_7, hangedman_vaults_stagger,
          hangedman_vaults_snaps, grunt_vaults_trifunnel,
          ontoclasm_vaults_decontamination, nicolae_vaults_diagonal_hallway_7,
          layout_vaults_big_room, serial_shops, nicolae_shop_trees,
          nicolae_shop_competitors_out_of_business
Vaults:4: v_misc_18, v_alt_pattern_4, ontoclasm_vaults_twist,
          vaults_room_door_ring, hangedman_vaults_stretched_pinwheel,
          nicolae_vaults_ring_of_whatevers, vaults_dpeg_hooks,
          ontoclasm_vaults_tryst, layout_vaults_omnigrid, uniq_mara,
          uniq_margery, uniq_mennas
Crypt:1:  layout_catacombs
Crypt:2:  layout_misc_corridors, basic_altar, amcnicky_mini_corridor_feature,
          serial_sigils_hangedman_gut, nicolae_elevator_lobby_asterisk,
          uniq_xtahua
Crypt:3:  due_elkab, layout_chaotic_city, tomb_entry_shell_bobbens,
          grunt_ministairs_5
Tomb:1
Depths:1: layout_honeycomb, hangedman_abyss_entry_splay, eino_curves_02,
          serial_sigils, serial_sigils_hangedman_gut,
          serial_sigils_hangedman_scratch, serial_sigils_hangedman_clutch,
          serial_sigils_hangedman_gut, hell_entry, nicolae_elyvilon_temple_path
Depths:2: box_level_dp, hell_entry, pan_entry, uniq_sojobo, uniq_saint_roka
Depths:3: gammafunk_its_a_trap, layout_long_grid,
          hangedman_abyss_or_decor_jellyfish_corner, hell_entry, abyss_entry,
          grunt_pan_entry_in_and_out, ebering_dispersal_statue_hall
Hell
Zig:1

Skill      XL: |  1  2  3  4  5  6  7  8  9 10 11 12 13 14 15 16 17 18 19 20 21 22 23 24 25 |
---------------+----------------------------------------------------------------------------+-----
Axes           | 4 5 6 7 8 9 10 11 13 15 16 18 19 | 19.6
Fighting       | 4 5 6 7 8 9 10 11 12 13 14 15 16 17 18 19 20 21 22 | 22.3
Armour         | 3 4 5 7 9 11 12 13 14 15 16 17 18 21 | 21.0
Maces & Flails | 1 2 3 5 6 |  6.5
Ranged Weapons | 2 5 7 9 11 12 14 16 17 18 19 21 22 23 24 25 | 25.7
Evocations     | 1 3 4 6 7 8 10 11 12 | 12.2
Throwing       | 2 4 5 6 |  6.6
Dodging        | 3 6 8 9 10 12 13 14 15 | 15.3
Stealth        | 2 5 7 8 9 10 11 12 13 | 13.1

Action                   |  1- 3 |  4- 6 |  7- 9 | 10-12 | 13-15 | 16-18 | 19-21 | 22-24 | 25-27 || total
-------------------------+-------+-------+-------+-------+-------+-------+-------+-------+-------++-------
Melee: Hand axe          |    97 |    18 |       |       |       |       |       |       |       ||   115
       Headbutt          |    10 |    18 |    23 |    63 |   108 |   161 |   236 |   115 |    22 ||   756
       Punch             |     1 |       |       |       |     4 |       |     3 |       |       ||     8
       Flail             |       |    18 |       |       |       |       |       |       |       ||    18
       Mace              |       |    35 |    13 |       |       |       |       |       |       ||    48
       Dire flail        |       |       |   138 |    25 |     6 |       |    33 |       |       ||   202
       Battleaxe         |       |       |    25 |   263 |    81 |   201 |   424 |   395 |    70 ||  1459
       Executioner's axe |       |       |       |       |    84 |    44 |       |       |       ||   128
       Broad axe         |       |       |       |       |   297 |   341 |   308 |       |       ||   946
 Fire: Shortbow          |       |       |   132 |    86 |       |       |       |       |       ||   218
       Arbalest          |       |       |       |    36 |   347 |       |       |       |       ||   383
       Triple crossbow   |       |       |       |       |    21 |   550 |   500 |   441 |    13 ||  1525
Throw: Javelin           |    10 |     4 |     2 |     1 |     2 |     2 |       |       |       ||    21
       Dart              |     3 |    10 |     5 |    10 |     4 |       |       |       |       ||    32
       Boomerang         |       |       |       |    10 |    30 |    32 |    14 |    12 |       ||    98
Invok: Trog's Hand       |       |     3 |     6 |    12 |    20 |    35 |    26 |    18 |     4 ||   124
       Berserk           |       |     1 |     4 |    10 |    12 |     9 |     4 |     8 |     2 ||    50
Evoke: Wand              |       |     4 |     3 |     2 |     6 |    12 |    16 |     5 |       ||    48
       Tin of tremorston |       |       |       |       |       |       |       |     4 |       ||     4
       Condenser vane    |       |       |       |       |       |       |       |     2 |       ||     2
  Use: Scroll            |     1 |     1 |    13 |     9 |    20 |    15 |     4 |     5 |     2 ||    70
       Potion            |       |       |       |     1 |     9 |    10 |     2 |     4 |     3 ||    29
 Stab: Distracted        |       |     1 |       |       |       |       |       |       |       ||     1
       Betrayed ally     |       |       |       |       |     1 |       |       |       |       ||     1
       Invisible         |       |       |       |       |       |     1 |       |       |       ||     1
       Sleeping          |       |       |       |       |       |       |       |     1 |       ||     1
Armor: Animal skin       |     2 |       |       |       |       |       |       |       |       ||     2
       Plate armour      |    38 |    36 |   147 |   274 |   439 |   588 |   622 |   465 |    97 ||  2706
Dodge: Dodged            |    36 |    30 |   193 |   225 |   317 |   553 |   506 |   494 |   112 ||  2466

Table legend: (Time is in decaauts)
 A = Elapsed time spent in this place.
 B = Non-inter-level travel time spent in this place.
 C = Inter-level travel time spent in this place.
 D = Time resting spent in this place.
 E = Time spent auto-exploring this place.
 F = Levels seen in this place.
 G = Mean time per level.
                   A        B        C        D        E       F      G
               +--------+--------+--------+--------+--------+-----+--------+
         Total |  81424 |  76273 |   5151 |  35201 |  27416 |  48 | 1696.3 |
       Dungeon |  17800 |  15419 |   2381 |   3443 |   9088 |  15 | 1186.7 |
          Lair |   7516 |   6640 |    876 |   1093 |   4162 |   5 | 1503.2 |
         Swamp |  12521 |  12310 |    211 |   9161 |   2070 |   4 | 3130.2 |
   Spider Nest |   6548 |   6346 |    202 |   3364 |   1981 |   4 | 1637.0 |
  Orcish Mines |   4880 |   4459 |    421 |   3091 |    900 |   2 | 2440.0 |
   Elven Halls |  10374 |  10111 |    263 |   6483 |   1724 |   3 | 3458.0 |
        Vaults |   7936 |   7618 |    318 |   3084 |   2890 |   4 | 1984.0 |
         Crypt |   4685 |   4410 |    275 |   1265 |   2134 |   3 | 1561.7 |
          Tomb |    875 |    813 |     62 |    500 |      0 |   1 |  875.0 |
        Depths |   5643 |   5520 |    123 |   2767 |   1554 |   3 | 1881.0 |
          Hell |   1048 |   1032 |     16 |    391 |    349 |   1 | 1048.0 |
      Ziggurat |     22 |     22 |      0 |      0 |      0 |   1 |   22.0 |
         Sewer |    607 |    607 |      0 |     42 |    426 |   1 |  607.0 |
       Volcano |    961 |    961 |      0 |    513 |    136 |   1 |  961.0 |
               +--------+--------+--------+--------+--------+-----+--------+

Top non-repeatable levels by time:
 Swamp:4: 7616 daAuts
   Elf:3: 4920 daAuts
   Elf:1: 4365 daAuts
   Orc:2: 4253 daAuts
 Swamp:2: 2848 daAuts
Depths:2: 2712 daAuts
 Crypt:3: 2605 daAuts
Vaults:2: 2424 daAuts
Spider:4: 2408 daAuts
  Lair:5: 2276 daAuts
Spider:3: 2190 daAuts
Vaults:4: 2017 daAuts
     D:7: 1851 daAuts
    D:13: 1850 daAuts
    D:12: 1774 daAuts
